 Dungeon Crawl Stone Soup version 0.20.1-1-g8b1a95d (webtiles) character file.

101399 equalderp2856 the Severer (level 15, -15/136 HPs)
             Began as a Minotaur Fighter on Oct 16, 2017.
             Demolished by an orc warlord
             ... wielding a +2 bardiche
              (40 damage)
             ... on level 2 of the Orcish Mines.
             The game lasted 01:37:00 (40079 turns).

equalderp2856 the Severer (Minotaur Fighter)       Turns: 40079, Time: 01:37:01

Health: -15/136    AC: 21    Str: 21    XL:     15   Next: 83%
Magic:  0/20       EV:  9    Int: 11    God:
Gold:   2277       SH: 14    Dex: 16    Spells: 20/22 levels left

rFire    + . .     SeeInvis .   X - +4 war axe of Nesah {holy, +Inv rN++ MR-}
rCold    . . .     Gourm    .   c - +0 shield
rNeg     + + .     Faith    .   w - +0 plate armour
rPois    .         Spirit   +   S - +0 hat
rElec    .         Reflect  .   l - +0 cloak
rCorr    .         Harm     .   j - +2 pair of gloves {Dex+3}
MR       ++...                  (no boots)
Stlth    ..........             y - amulet of guardian spirit
Regen    0.4/turn               x - ring of the Mage {Wiz MR++ Int+3}
MPRegen  0.2/turn               a - ring of protection from fire

@: no status effects
A: retaliatory headbutt, horns 2
a: Evoke Invisibility


You were on level 2 of the Orcish Mines.
You were not hungry.

You visited 3 branches of the dungeon, and saw 23 of its levels.
You also visited: Labyrinth and Sewer.

You collected 2325 gold pieces.
You spent 48 gold pieces at shops.

Inventory:

Hand Weapons
 b - a +2 trident of protection
 G - a +1 broad axe
 X - the +4 war axe of Nesah (weapon) {holy, +Inv rN++ MR-}
   (You found it on level 4 of the Lair of Beasts)

   It has been blessed by the Shining One to cause great damage to the undead
   and demons.
   It greatly protects you from negative energy.
   It affects your resistance to hostile enchantments.
   It lets you turn invisible.
Armour
 c - a +0 shield (worn)
 j - a +2 pair of gloves of dexterity (worn)
 k - the +0 robe of Winter {rC+ Stlth+}
   (You found it in a labyrinth)

   It protects you from cold.
   It makes you more stealthy.
 l - a +0 cloak (worn)
 w - a +0 plate armour (worn)
 H - a +0 buckler of protection
 S - a +0 hat (worn)
 Y - the +0 leather armour of the New World {Str+8 Dex-4}
   (You found it on level 8 of the Dungeon)

   It affects your strength (+8).
   It affects your dexterity (-4).
Jewellery
 a - a ring of protection from fire (right hand)
 x - the ring of the Mage (left hand) {Wiz MR++ Int+3}
   (You found it in a labyrinth)

   [ring of wizardry]

   It improves your spell success rate.
   It affects your intelligence (+3).
   It affects your resistance to hostile enchantments.
 y - an amulet of guardian spirit (around neck)
 L - an uncursed ring of poison resistance
Wands
 B - a wand of digging (24/24)
 I - a wand of random effects (32/48)
 K - a wand of lightning (7/15)
 N - a wand of enslavement (4/24)
 Q - a wand of iceblast (3/15)
 R - a wand of enslavement (17/24)
 U - a wand of disintegration (15/24)
 V - a wand of paralysis (16/24)
 W - a wand of confusion (29/48)
Scrolls
 h - 4 scrolls of fear
 q - 10 scrolls of remove curse
 s - 6 scrolls of identify
 u - 3 scrolls of magic mapping
 A - 7 scrolls of teleportation
 J - 3 scrolls of enchant armour
 M - 2 scrolls of blinking
 P - 2 scrolls of fog
 T - a scroll of silence
Potions
 d - 3 potions of might
 e - 3 potions of mutation {unknown}
 i - 4 potions of heal wounds
 m - 7 potions of lignification {unknown}
 o - 7 potions of curing
 v - 6 potions of flight
 z - 4 potions of haste
 C - 2 potions of magic {unknown}
 D - 2 potions of brilliance
 F - 2 potions of agility {unknown}
 Z - 3 potions of degeneration {unknown}
Books
 g - a book of Conjurations

   Spells                             Type                      Level
   a - Magic Dart                     Conjuration                  1
   b - Searing Ray                    Conjuration                  2
   c - Dazzling Spray                 Conjuration/Hexes            3
   d - Fulminant Prism                Conjuration/Hexes            4
   e - Force Lance                    Conjuration/Translocation    4
   f - Iskenderun's Mystic Blast      Conjuration                  4
 p - a book of Fire

   Spells                             Type                      Level
   a - Ignite Poison                  Fire/Transmutation/Poison    3
   b - Fireball                       Conjuration/Fire             5
   c - Bolt of Fire                   Conjuration/Fire             6
   d - Ring of Flames                 Charms/Fire                  7
   e - Ignition                       Fire                         8
 t - a book of Frost

   Spells                             Type                      Level
   a - Freeze                         Ice                          1
   b - Throw Frost                    Conjuration/Ice              2
   c - Ozocubu's Armour               Charms/Ice                   3
   d - Throw Icicle                   Conjuration/Ice              4
   e - Summon Ice Beast               Ice/Summoning                4
 E - a book of Misfortune

   Spells                             Type                      Level
   a - Confusing Touch                Hexes                        1
   b - Confuse                        Hexes                        3
   c - Gell's Gravitas                Translocation                3
   d - Petrify                        Transmutation/Earth          4
   e - Metabolic Englaciation         Hexes/Ice                    5
   f - Yara's Violent Unravelling     Hexes/Transmutation          5
 O - a book of Cantrips

   Spells                             Type                      Level
   a - Confusing Touch                Hexes                        1
   b - Animate Skeleton               Necromancy                   1
   c - Summon Small Mammal            Summoning                    1
   d - Apportation                    Translocation                1
Miscellaneous
 r - a lamp of fire (inert)
Comestibles
 f - 2 bread rations
 n - 10 meat rations


   Skills:
 + Level 13.3 Fighting
 + Level 17.7(18.0) Axes
 + Level 5.0(12.9) Polearms
 + Level 14.6 Armour
 + Level 2.9 Dodging
 + Level 1.7 Stealth
 + Level 14.4 Shields
 + Level 4.0 Spellcasting
 * Level 5.0 Charms
 * Level 5.6 Air Magic
 + Level 0.6 Evocations


You had 20 spell levels left.
You knew the following spells:

 Your Spells              Type           Power        Failure   Level  Hunger
a - Swiftness             Chrm/Air       ##......     17%         2    ##.....


Dungeon Overview and Level Annotations

Branches:
Dungeon (15/15)            Temple (0/1) D:7            Lair (6/6) D:8
 Shoals (0/4) Lair:2        Snake (0/4) Lair:3        Slime (0/5) Lair:6
    Orc (2/2) D:9             Elf (0/3) Orc:2        Vaults (0/5) D:13
 Depths (0/5) D:15

Altars:
Dithmenos
Gozag
Makhleb
Nemelex Xobeh
Okawaru
Ru
Sif Muna
Trog
Xom
Yredelemnul
Zin
The Shining One
Beogh
Jiyva

Shops:
D:4 (=(   D:8 *   D:9 [   D:10 [   D:15 =

Portals:
Hell: Lair:6
Trove: D:14 (give 7 potions of haste)

Annotations:
Lair:2 exclusion: ice statue


Innate Abilities, Weirdness & Mutations

You reflexively headbutt those who attack you in melee.
You have a pair of horns on your head.


Message History

You barely miss the orc warlord.
The orc warlord is moderately wounded.
You slash the orc knight!
The orc warlord hits you with an enchanted bardiche.
The orc knight hits you with an uncursed great sword of electrocution!!
* * * LOW HITPOINT WARNING * * *
You are electrocuted!
* * * LOW HITPOINT WARNING * * *
You see here a hand axe.
The orc knight unwields an uncursed great sword of electrocution.
It stops crackling.
The orc knight wields an uncursed arbalest.
The orc knight shoots a bolt.
The bolt hits you.
* * * LOW HITPOINT WARNING * * *
You see here a bolt.
You see here a tomahawk.
The orc knight roars a battlecry!
The orc warlord goes into a battle-frenzy!
The orc warlord hits you from afar with an enchanted bardiche!!!
You die...

...........#..
##..........#...
##.#.#............
#...................
##..#...............#####.
#.....................8..
##......................
##.##....#...............
#.......@...$............
##...................8 ..
##.......o>..#....### .
#.#.............(..#
#..........o.....(.##
..................##
#.##.#...........(# ##
###........(...# ###
###..#..[.[..<####[[


You could see an orc warlord and an orc knight.

Vanquished Creatures
  Rupert (D:12)
  An orc warlord (Orc:1)
  Snorg (D:9)
  A fire dragon (D:12)
  A minotaur (Lab)
  The ghost of Irenicus the Severer, a journeyman DDBe of Trog (D:12)
  Harold (D:11)
  An ogre mage (D:13)
  A yaktaur captain (D:15)
  6 vault guards
  10 hydras
  Erolcha (Orc:2)
  A catoblepas (Lair:3)
  A death knight (D:13)
  6 centaur warriors
  Erica (D:11)
  A tengu warrior (D:15)
  10 two-headed ogres
  Urug (Orc:2)
  Nergalle (Lair:3)
  A sun demon (Lair:6)
  2 unseen horrors
  The ghost of Stelteck the Quickloader, a novice HuHu of Okawaru (D:6)
  A deep elf archer (D:13)
  4 orc knights
  A wizard (Lair:6)
  A necromancer (Lair:4)
  6 ugly things
  5 cyclopes
  A manticore (D:14)
  3 deep elf magi
  5 orc sorcerers (Orc:2)
  7 black mambas
  A merfolk siren (Lair:2)
  A guardian serpent (shapeshifter) (D:15)
  A smoke demon (Lair:6)
  2 orange demons (Lair:6)
  Joseph (D:10)
  3 gargoyles
  5 spiny frogs
  4 kobold demonologists
  2 rime drakes (Lair:6)
  A freezing wraith (D:14)
  5 komodo dragons
  2 ice devils (Lair:6)
  An efreet (D:14)
  A red devil (Lair:6)
  3 merfolk (Lair:2)
  A polar bear (Lair:5)
  13 trolls
  3 hornets
  3 tengu conjurers
  A hornet (shapeshifter) (D:15)
  2 raiju (shapeshifter) (D:15)
  8 slime creatures
  10 hippogriffs
  7 dream sheep (Lair:6)
  12 blink frogs
  3 shadows
  2 vampires
  31 yaks
  2 water elementals (D:14)
  4 hogs (D:7)
  5 fire bats (D:12)
  Grum (Lair:1)
  2 basilisks (D:12)
  2 humans
  4 wyverns
  6 hungry ghosts
  7 vampire mosquitoes
  7 nagas (Lair:3)
  4 wargs
  A soldier ant (D:13)
  An acid dragon (D:12)
  4 hell hounds (Lair:6)
  17 water moccasins
  11 porcupines
  33 orc warriors
  2 necrophages
  A phantom (D:14)
  3 sky beasts
  An eye of draining (D:14)
  8 ogres
  7 ice beasts
  6 black bears
  19 centaurs
  8 wolves
  17 crocodiles
  19 bullfrogs
  5 big kobolds
  A gnoll sergeant (D:7)
  A wyvern skeleton (D:10)
  7 scorpions
  9 killer bees (D:7)
  12 wights
  6 howler monkeys
  7 crimson imps
  3 bullfrog zombies
  2 quasits
  3 centaur zombies
  6 hounds
  8 jellies
  22 orc priests
  Crazy Yiuf (D:4)
  6 centaur skeletons
  4 bullfrog skeletons
  Ijyb (D:4)
  5 iguanas
  28 orc wizards
  11 worker ants
  2 yak simulacra (Lair:4)
  Natasha (thrice) (D:4)
  5 polar bear simulacra (Lair:4)
  3 wolf simulacra (Lair:4)
  2 hound skeletons (D:4)
  A howler monkey skeleton (D:4)
  15 gnolls
  13 adders
  2 river rats (D:6)
  A shadow imp (D:10)
  5 oozes
  4 dart slugs
  8 leopard geckos
  78 orcs
  9 ball pythons
  6 giant cockroaches
  7 goblins
  6 hobgoblins
  12 jackals
  24 kobolds
  5 quokkas
  5 bats
  7 frilled lizards
  A jackal zombie (D:6)
  A leopard gecko zombie (D:6)
  A quokka skeleton (D:7)
  A quokka zombie (D:5)
  10 rats
  A river rat simulacrum (Lair:4)
  3 fungi (Lair:6)
  10 plants
816 creatures vanquished.

Vanquished Creatures (others)
  A sky beast (D:12)
  A worker ant (D:4)
  A jackal (D:4)
  A quokka (D:4)
  A quokka skeleton (D:4)
  A bush (Lair:6)
  30 fungi
  15 plants
51 creatures vanquished.

Grand Total: 867 creatures vanquished

Notes
Turn   | Place    | Note
-------+----------+-------------------------------------------
     0 | D:1      | equalderp2856 the Minotaur Fighter began the quest for the Orb.
     0 | D:1      | Reached XP level 1. HP: 19/19 MP: 0/0
   315 | D:1      | Reached XP level 2. HP: 20/27 MP: 1/1
   951 | D:1      | Reached XP level 3. HP: 33/33 MP: 2/2
  1252 | D:2      | Reached skill level 3 in Axes
  1430 | D:2      | Reached XP level 4. HP: 40/40 MP: 3/3
  1549 | D:3      | Found a bloodstained altar of Trog.
  1881 | D:3      | Noticed a crocodile
  1895 | D:3      | Killed a crocodile
  1895 | D:3      | Reached XP level 5. HP: 47/47 MP: 4/4
  1916 | D:2      | Reached skill level 4 in Axes
  2231 | D:2      | Reached skill level 5 in Armour
  2231 | D:2      | Reached skill level 1 in Dodging
  2231 | D:2      | Reached skill level 5 in Shields
  2627 | D:4      | Found a sparkling altar of Nemelex Xobeh.
  2637 | D:4      | Found a shimmering altar of Xom.
  2824 | D:4      | Found Uhelintu's Jewellery Shoppe.
  2854 | D:4      | Noticed Natasha
  2859 | D:4      | Killed Natasha
  2859 | D:4      | Reached XP level 6. HP: 55/55 MP: 5/5
  2892 | D:4      | Found an iron altar of Okawaru.
  2926 | D:4      | Found Edytusin's Weapon Boutique.
  2934 | D:4      | Bought a +0 broad axe for 48 gold pieces
  2966 | D:4      | Noticed a troll
  3049 | D:4      | Found a runed door.
  3053 | D:4      | Noticed Crazy Yiuf
  3056 | D:4      | Killed Crazy Yiuf
  3086 | D:4      | Found Gawedd's Antique Weapon Boutique.
  3090 | D:4      | Reached skill level 5 in Fighting
  3116 | D:4      | Noticed Natasha
  3135 | D:4      | Killed Natasha
  3169 | D:4      | Noticed Ijyb
  3174 | D:4      | Killed Ijyb
  3260 | D:4      | Noticed Natasha
  3263 | D:4      | Killed Natasha
  3659 | D:5      | Entered Level 5 of the Dungeon
  3659 | D:5      | Found a glowing silver altar of Zin.
  3704 | D:5      | Noticed a sky beast
  3715 | D:5      | Killed a sky beast
  3715 | D:5      | Reached skill level 5 in Axes
  3715 | D:5      | Reached XP level 7. HP: 41/61 MP: 6/6
  4005 | D:5      | Found an opulent altar of Gozag.
  4023 | D:5      | Found a sacrificial altar of Ru.
  4601 | D:5      | Reached skill level 1 in Stealth
  4843 | D:6      | Reached skill level 6 in Axes
  4876 | D:6      | Noticed Stelteck's ghost (novice HuHu)
  4898 | D:6      | Killed Stelteck's ghost
  4898 | D:6      | Reached XP level 8. HP: 64/69 MP: 4/12
  5165 | D:6      | Reached skill level 7 in Axes
  5168 | D:6      | Found a glowing drain.
  5188 | Sewer    | Entered a sewer
  6015 | D:6      | Reached XP level 9. HP: 47/75 MP: 11/14
  6293 | D:6      | Reached skill level 8 in Axes
  7002 | D:7      | Reached skill level 9 in Axes
  7340 | D:7      | Reached skill level 10 in Axes
  7479 | D:7      | Reached XP level 10. HP: 70/84 MP: 13/15
  7523 | D:7      | Found a staircase to the Ecumenical Temple.
  8011 | D:7      | Reached skill level 11 in Axes
  8195 | D:8      | Found a basalt altar of Yredelemnul.
  8195 | D:8      | Found Enwet's Evil Emporium.
  8477 | D:8      | Found a deep blue altar of Sif Muna.
  8627 | D:8      | Found a staircase to the Lair.
  8702 | D:8      | Reached skill level 12 in Axes
  9164 | D:8      | Got an agate-encrusted leather armour
  9175 | D:8      | Identified the +0 leather armour of the New World {Str+8 Dex-4} (You found it on level 8 of the Dungeon)
  9240 | Lair:1   | Entered Level 1 of the Lair of Beasts
  9548 | Lair:1   | Reached XP level 11. HP: 90/93 MP: 16/16
  9554 | Lair:1   | Noticed Grum
  9572 | Lair:1   | Killed Grum
 10584 | Lair:2   | Noticed a six-headed hydra
 10593 | Lair:2   | Found a staircase to the Shoals.
 11509 | Lair:2   | Reached skill level 13 in Axes
 11509 | Lair:2   | Reached skill level 10 in Shields
 11776 | Lair:2   | Noticed an ice dragon
 12070 | Lair:3   | Reached skill level 1 in Polearms
 12265 | Lair:3   | Found a staircase to the Snake Pit.
 12309 | Lair:3   | Reached skill level 10 in Armour
 12345 | Lair:3   | Noticed Nergalle
 12973 | D:9      | Found Doseeteh's Antique Armour Shoppe.
 13122 | D:9      | Found a burning altar of Makhleb.
 13207 | D:9      | Paralysed by fainting for 11 turns
 13222 | D:9      | Paralysed by fainting for 6 turns
 13257 | D:9      | Found a staircase to the Orcish Mines.
 13485 | D:10     | Entered Level 10 of the Dungeon
 13485 | D:10     | Noticed Snorg
 13485 | D:10     | Noticed Joseph
 13682 | D:10     | Noticed a cyan ugly thing
 13696 | D:10     | Killed a cyan ugly thing
 13827 | D:10     | Killed Joseph
 14271 | D:10     | Found Zaonigg's Armour Shop.
 14652 | D:11     | Noticed Erica
 14661 | D:11     | Noticed a white ugly thing
 14675 | D:11     | Reached skill level 14 in Axes
 14680 | D:11     | Noticed a two-headed ogre
 14682 | D:11     | Killed a white ugly thing
 14682 | D:11     | Reached XP level 12. HP: 65/104 MP: 10/17
 15443 | D:11     | Noticed Harold
 15810 | D:11     | Reached skill level 10 in Fighting
 15824 | D:10     | Killed a two-headed ogre
 16138 | D:11     | Noticed a two-headed ogre
 16208 | D:11     | Killed a two-headed ogre
 16227 | D:11     | Killed Harold
 16227 | D:11     | Reached skill level 15 in Axes
 16592 | D:11     | Killed Erica
 17027 | D:11     | Found a shadowy altar of Dithmenos.
 18313 | Lair:3   | Killed Nergalle
 18433 | Lair:3   | Noticed a catoblepas
 18459 | Lair:3   | Killed a catoblepas
 18488 | Lair:3   | Reached XP level 13. HP: 41/114 MP: 10/18
 19720 | Lair:4   | Learned a level 2 spell: Swiftness
 19775 | Lair:4   | Reached skill level 16 in Axes
 20040 | Lair:4   | Got a fine war axe
 20043 | Lair:4   | Identified the +4 war axe of Nesah {holy, +Inv rN++ MR-} (You found it on level 4 of the Lair of Beasts)
 20851 | Lair:5   | Reached skill level 1 in Charms
 20867 | Lair:5   | Reached skill level 1 in Air Magic
 21774 | Lair:6   | Entered Level 6 of the Lair of Beasts
 21871 | Lair:6   | Found a labyrinth entrance.
 21914 | Lab      | Entered a labyrinth
 23920 | Lab      | Paralysed by fainting for 6 turns
 24616 | Lab      | Noticed a minotaur
 24624 | Lab      | Killed a minotaur
 24632 | Lab      | Got an ebony arbalest
 24632 | Lab      | Got a warped robe
 24915 | Lair:6   | Identified the +0 robe of Winter {rC+ Stlth+} (You found it in a labyrinth)
 25943 | Lair:6   | Found a burning altar of Makhleb.
 26354 | Lair:6   | Found a viscous altar of Jiyva.
 26354 | Lair:6   | Found a staircase to the Slime Pits.
 26380 | Lair:6   | Reached XP level 14. HP: 102/124 MP: 19/19
 26921 | Lair:6   | Found a gateway to Hell.
 27350 | Lair:1   | Identified the cursed +1 arbalest of Ojaalop {flame, rPois rN+ Str+2} (You found it in a labyrinth)
 27555 | Orc:1    | Entered Level 1 of the Orcish Mines
 27922 | D:9      | Killed Snorg
 28865 | Orc:2    | Entered Level 2 of the Orcish Mines
 28865 | Orc:2    | Noticed Erolcha
 28876 | Orc:2    | Killed Erolcha
 28893 | Orc:2    | Found a staircase to the Elven Halls.
 29290 | Orc:2    | Noticed Urug
 29428 | Orc:2    | Killed Urug
 29445 | Orc:2    | Noticed an orc warlord
 29764 | Orc:2    | Noticed an orc warlord
 31783 | Orc:1    | Identified a scroll of acquirement
 32519 | D:12     | Found a basalt altar of Yredelemnul.
 32795 | D:12     | Noticed Irenicus's ghost (journeyman DDBe)
 32974 | D:12     | Killed Irenicus's ghost
 33220 | D:12     | Reached skill level 17 in Axes
 33290 | D:12     | Noticed Rupert
 33319 | D:12     | Killed Rupert
 34383 | D:13     | Paralysed by a hornet for 2 turns
 34392 | D:13     | Paralysed by a hornet for 1 turns
 34932 | D:14     | Reached XP level 15. HP: 115/134 MP: 14/20
 35039 | D:14     | Found a portal to a secret trove of treasure.
 35520 | D:14     | Found a glowing golden altar of the Shining One.
 35869 | D:15     | Entered Level 15 of the Dungeon
 35939 | D:15     | Reached skill level 5 in Polearms
 36422 | D:15     | Found a shadowy altar of Dithmenos.
 36840 | D:15     | Found a staircase to the Depths.
 36873 | D:15     | Reached skill level 5 in Air Magic
 36964 | D:15     | Found Ifyvef's Jewellery Shop.
 38688 | D:13     | Found a gate to the Vaults.
 39269 | Orc:1    | Killed an orc warlord
 39731 | Orc:2    | Found a roughly hewn altar of Beogh.
 39753 | Orc:2    | Reached skill level 5 in Charms
 40079 | Orc:2    | Demolished by an orc warlord

Skill      XL: |  1  2  3  4  5  6  7  8  9 10 11 12 13 14 15 |
---------------+----------------------------------------------+-----
Fighting       | 4 5 6 8 9 10 11 12 13 | 13.3
Armour         | 4 5 6 7 9 10 11 12 13 14 | 14.6
Shields        | 4 5 6 8 9 10 11 12 13 14 | 14.4
Axes           | 3 4 5 6 7 10 12 14 15 16 17 | 17.7
Dodging        | 1 2 |  2.9
Stealth        | 1 |  1.7
Spellcasting   | 3 4 |  4.0
Polearms       | 2 4 5 |  5.0
Charms         | 2 4 5 |  5.0
Air Magic      | 2 4 5 |  5.6
Evocations     | |  0.6

Action                   |  1- 3 |  4- 6 |  7- 9 | 10-12 | 13-15 || total
-------------------------+-------+-------+-------+-------+-------++-------
Melee: War axe           |    90 |   123 |   331 |       |   683 ||  1227
       Headbutt          |    10 |    28 |    93 |   200 |   430 ||   761
       Broad axe         |       |       |    76 |   908 |   870 ||  1854
       Trident           |       |       |       |    32 |   115 ||   147
 Abil: Evoke Invisibilit |       |       |       |       |     2 ||     2
Evoke: Wand              |       |       |     1 |     4 |     5 ||    10
       Lamp of fire      |       |       |       |       |     1 ||     1
  Use: Scroll            |       |       |    11 |     9 |    13 ||    33
       Potion            |       |       |       |       |     4 ||     4
 Stab: Distracted        |       |       |       |       |     1 ||     1
  Eat: Chunk             |     1 |     5 |    14 |    29 |    35 ||    84
       Royal jelly       |       |     1 |       |       |     7 ||     8
       Fruit             |       |       |     1 |     9 |     7 ||    17
       Meat ration       |       |       |       |       |     5 ||     5
Armor: Scale mail        |    34 |     5 |       |       |       ||    39
       Chain mail        |       |    40 |       |       |       ||    40
       Plate armour      |       |    46 |   232 |   476 |   829 ||  1583
Dodge: Dodged            |    24 |    23 |    75 |   205 |   404 ||   731
Block: Shield            |    48 |    86 |   212 |   598 |  1055 ||  1999
